 Dungeon Crawl Stone Soup version 0.31-a0-746-ge8284cb111 (webtiles) character file.

Game seed: 981108878500300355

70 CrazyBamboolord the Changeling (level 4, 0/38 HPs)
             Began as a Naga Shapeshifter on Sept 14, 2023.
             Slain by a gnoll
             ... wielding a +0 halberd
              (11 damage)
             ... on level 2 of the Dungeon.
             The game lasted 00:01:28 (1167 turns).

CrazyBamboolord the Changeling (Naga Shapeshifter)  Turns: 1167, Time: 00:01:29

Health: 0/38       AC:  8    Str: 18    XL:     4   Next: 21%
Magic:  4/4        EV:  7    Int: 10    God:
Gold:   109        SH:  0    Dex: 11    Spells: 3/3 levels left

rFire   . .          .
                       - Unarmed
rCold   . . .        (no shield)
rNeg    . . .        g - +0 scale mail
rPois   +            (helmet currently unavailable)
rElec   .            (cloak currently unavailable)
rCorr   .            (gloves currently unavailable)
SInv    +            (no barding)
Will    .....        (no amulet) Stlth
                     e - +4 ring of protection
HPRegen 0.26/turn    i - ring of wizardry
MPRegen 0.09/turn

%: wizardry (x1)
@: beast-form, very slow
A: beast (slay +2), AC +1, large, see invisible, deformed body, poison
resistance, slowness 2, spit poison 1, naga tail 1
a: Spit Poison, Begin Untransformation


You were on level 2 of the Dungeon.
You were a hulking beast.
You visited 1 branch of the dungeon, and saw 2 of its levels.

You collected 109 gold pieces.

Inventory:

Armour
 g - a +0 scale mail (worn)
Jewellery
 e - a +4 ring of protection (left hand)
 i - a ring of wizardry (right hand)
Talismans
 c - a beast talisman (active)
 d - a flux talisman
Wands
 j - a wand of flame (5)
Scrolls
 f - 2 scrolls of poison {unknown}
 h - a scroll of identify {unknown}
 k - a scroll of amnesia {unknown}
Potions
 a - 2 potions of haste {unknown}
 b - a potion of lignification


   Skills:
 - Level 1.0 Fighting
 - Level 1.5 Dodging
 - Level 3.0 Unarmed Combat
 + Level 4.7 Shapeshifting


You had 3 spell levels left.
You didn't know any spells.
Your spell library contained the following spells:

 Spells                   Type           Power      Damage    Failure   Level
 Anguish                  Hex/Necr       0%         N/A       99%         4
 Cause Fear               Hex            0%         N/A       99%         4
 Enfeeble                 Hex            0%         N/A       100%        7


Dungeon Overview and Level Annotations

Branches:
Dungeon (2/15)

Altars:


Innate Abilities, Weirdness & Mutations

You are a hulking beast.
Your limbs bulge with bestial killing power. (Slay +2)
Your serpentine skin is tough. (AC +1)
You have supernaturally acute eyesight. (SInv)
Armour fits poorly on your strangely shaped body.
Your system is resistant to poisons. (rPois)
You cover ground very slowly.
You can spit poison.
You have a snake-like lower body.


Message History

The gnoll hits you but does no damage.
The gnoll hits you from afar with a +0 spear.
The gnoll hits you with a +0 spear.
You hit the gnoll.
The gnoll is lightly wounded.
The gnoll hits you but does no damage.
You punch the gnoll!
The gnoll is severely wounded.
You punch the gnoll!
The gnoll is heavily wounded.
The gnoll hits you from afar with a +0 halberd.
You hit the gnoll.
The gnoll is severely wounded.
The gnoll hits you with a +0 club. The gnoll barely misses you.
You hit the gnoll.
You kill the gnoll!
The gnoll hits you from afar with a +0 halberd.
You have reached level 4!
You feel agile.
You barely miss the gnoll.
The gnoll is severely wounded.
Unknown command.
Unknown command.
You punch the gnoll!
You kill the gnoll!
The gnoll hits you from afar with a +0 halberd.
The gnoll hits you with a +0 halberd! The gnoll barely misses you.
The gnoll hits you with a +0 spear. The gnoll hits you with a +0 halberd.
* * * LOW HITPOINT WARNING * * *
Things that are here:
a +0 spear; a +0 club; a gnoll corpse Unknown command.
You are too injured to fight recklessly!
Unknown command.
Unknown command.
You are too injured to fight recklessly!
You hit the gnoll.
The gnoll is heavily wounded.
The gnoll hits you with a +0 halberd!
You die...

....## ##...)....# .......# ##
.....###.......>.# #...#.## ##.
......##.#...###.####.#....####..
......'...............#.......'..
......##.#...###.##.#####..####..
.....######### #.##...#...## ##.
.#######...##########.#.### ##
##...###...###...## #...# #
#....###...###..hg####.##
..#..##.....##..#g.###.#
.##..#...#...#..##..##.#
.###....###....###..##.#
.###....###....###..##.# ##
.####...###...####..##.# #.
.#################...... #. ##
#...# #. # #..# ....


You could see 2 gnolls.

Vanquished Creatures
  2 gnolls (D:2)
  2 dart slugs (D:1)
  An endoplasm (D:1)
  A giant cockroach (D:1)
  9 goblins
  3 hobgoblins
  2 quokkas (D:1)
  3 ball pythons (D:1)
  9 bats
  4 frilled lizards
  5 kobolds
  A rat (D:1)
42 creatures vanquished.

Notes
Turn   | Place    | Note
-------+----------+-------------------------------------------
     0 | D:1      | CrazyBamboolord the Naga Shapeshifter began the quest for
                  | the Orb.
     0 | D:1      | Reached XP level 1. HP: 18/18 MP: 1/1
    93 | D:1      | Reached XP level 2. HP: 25/25 MP: 2/2
   421 | D:1      | Reached XP level 3. HP: 31/31 MP: 3/3
   425 | D:1      | Reached skill level 4 in Shapeshifting
  1164 | D:2      | Reached XP level 4. HP: 27/38 MP: 4/4
  1167 | D:2      | Slain by a gnoll

Illustrated notes

Levels and vault maps discovered:
D:1:      minmay_arrival_up_and_down, layout_basic, minmay_gold_behind_fungi
D:2:      layout_loops_corners, hangedman_glass_teeth

Skill      XL: |  1  2  3 |
---------------+----------+-----
Shapeshifting  | 4 |  4.7
Fighting       | |  1.0
Dodging        | |  1.5
Unarmed Combat | |  3.0

Action                     |  1- 3 |  4- 6 || total
---------------------------+-------+-------++-------
  Melee: Unarmed           |   114 |     3 ||   117
 Armour: Animal skin       |    41 |       ||    41
         Scale mail        |    61 |     5 ||    66
  Dodge: Dodged            |    64 |     1 ||    65

Table legend: (Time is in decaauts)
 A = Elapsed time spent in this place.
 B = Non-inter-level travel time spent in this place.
 C = Inter-level travel time spent in this place.
 D = Time resting spent in this place.
 E = Time spent auto-exploring this place.
 F = Levels seen in this place.
 G = Mean time per level.
                   A        B        C        D        E       F      G
               +--------+--------+--------+--------+--------+-----+--------+
         Total |   1483 |   1451 |     32 |      0 |   1104 |   2 |  741.5 |
       Dungeon |   1483 |   1451 |     32 |      0 |   1104 |   2 |  741.5 |
               +--------+--------+--------+--------+--------+-----+--------+

Top non-repeatable levels by time:
     D:1: 1184 daAuts
     D:2: 299 daAuts
